 Dungeon Crawl Stone Soup version 0.21-a0-525-ga34b322 (webtiles) character file.

229 Amnesiac the Shooter (level 5, -13/41 HPs)
             Began as a Mummy Hunter on Dec 7, 2017.
             Mangled by Menkaure (17 damage)
             ... on level 4 of the Dungeon.
             The game lasted 00:04:54 (3709 turns).

Amnesiac the Shooter (Mummy Hunter)                 Turns: 3709, Time: 00:04:55

Health: -13/41     AC:  9    Str: 16    XL:     5   Next: 71%
Magic:  5/5        EV: 10    Int: 11    God:
Gold:   134        SH:  0    Dex: 12    Spells: 4/4 levels left

rFire    . . .     SeeInvis .   a - +1 shortbow
rCold    + + .     Gourm    .   (shield currently unavailable)
rNeg     + + +     Faith    .   q - +2 scale mail {rC+}
rPois    ∞         Spirit   .   (no helmet)
rElec    .         Reflect  .   (no cloak)
rCorr    .         Harm     .   (no gloves)
MR       .....                  n - +0 pair of boots
Stlth    ..........             (no amulet)
HPRegen  0.13/turn              (no ring)
MPRegen  0.09/turn              c - ring of protection from fire

@: about to teleport, very slightly contaminated
A: no food or potions, fire vulnerability, cold resistance 1, negative energy
resistance 3, torment resistance, unbreathing
a: no special abilities


You were on level 4 of the Dungeon.
You were not hungry.

You visited 1 branch of the dungeon, and saw 4 of its levels.

You collected 134 gold pieces.

Inventory:

Hand Weapons
 a - a +1 shortbow (weapon)
 b - a +0 spear
 s - a +0 morningstar
Missiles
 d - 57 arrows (quivered)
 f - a throwing net
 j - 89 stones
 l - 16 poisoned needles
 u - 22 sling bullets
Armour
 n - a +0 pair of boots (worn)
 q - a +2 scale mail of cold resistance (worn)
Jewellery
 c - a ring of protection from fire (right hand)
 m - an uncursed ring of wizardry
 t - a +4 ring of dexterity
Scrolls
 e - a scroll of amnesia {!r}
 g - 4 scrolls of teleportation {!r}
 k - a scroll of remove curse {!r}
 p - a scroll of enchant armour {!r}
 r - 2 scrolls of immolation {!r}


   Skills:
 + Level 3.0 Fighting
 * Level 4.3 Bows
 + Level 2.3 Armour
 + Level 2.4 Dodging
 - Level 0.7 Stealth


You had 4 spell levels left.
You didn't know any spells.

Dungeon Overview and Level Annotations

Branches:
Dungeon (4/15)
 Temple: D:4-7

Altars:
Hepliaklqana

Annotations:
D:4 Menkaure


Innate Abilities, Weirdness & Mutations

You do not eat or drink.
Your flesh is vulnerable to fire.
You are immune to poison.
Your flesh is cold resistant. (rC+)
You are immune to negative energy. (rN+++)
You are immune to unholy pain and torment.
You can survive without breathing.


Message History

You can't drink.
Unknown command.
Okay, then.
Really read
o - a scroll of blinking {!r}?
Blink to where?
Press: ? - help, Dir - move target cursor, p - Blork the orc You are very lightly contaminated with residual magic.
As you read the scroll of blinking {!r}, it crumbles to dust.
Wield which item (- for none, * to show all)? (? for menu, Esc to quit)
Okay, then.
Put on which piece of jewellery? (? for menu, Esc to quit)
You remove your +4 ring of dexterity.
You feel clumsy.
Firing (i - inventory. (,) - cycle):
d - 64 arrows (quivered)
Press: ? - help, Shift-Dir - straight line, f - Blork the orc
Aim: Blork the orc, wielding a halberd of venom and wearing a robe (translocational energy, severely wounded, fast, unusually strong)
You shoot an arrow. The arrow hits Blork the orc.
Blork the orc is severely wounded.
Blork the orc looks satisfied for a moment.
Firing (i - inventory. (,) - cycle):
d - 63 arrows (quivered)
Press: ? - help, Shift-Dir - straight line, f/p - Blork the orc
Aim: Blork the orc, wielding a halberd of venom and wearing a robe (severely wounded, fast, unusually strong)
You shoot an arrow. The arrow barely misses Blork the orc.
Blork the orc gestures at you while chanting.
The magic dart hits you!
* * * LOW HITPOINT WARNING * * *
Unknown command.
Firing (i - inventory. (,) - cycle):
d - 62 arrows (quivered)
Press: ? - help, Shift-Dir - straight line, f/p - Blork the orc
Aim: Blork the orc, wielding a halberd of venom and wearing a robe (severely wounded, fast, unusually strong)
You shoot an arrow. The arrow hits Blork the orc.
Blork the orc is severely wounded.
Blork the orc points at you and mumbles some strange words.
The puff of flame misses you.
Unknown command.
Firing (i - inventory. (,) - cycle):
d - 61 arrows (quivered)
Press: ? - help, Shift-Dir - straight line, f/p - Blork the orc
Aim: Blork the orc, wielding a halberd of venom and wearing a robe (severely wounded, fast, unusually strong)
You shoot an arrow. The arrow hits Blork the orc!
You kill Blork the orc!
Your Fighting skill increases to level 3!
Firing (i - inventory. (,) - cycle):
d - 60 arrows (quivered)
Press: ? - help, Shift-Dir - straight line, f - orc
Aim: an orc, wielding a short sword and wearing a scale mail You shoot an arrow.
The arrow hits the orc but does no damage.
Firing (i - inventory. (,) - cycle):
d - 59 arrows (quivered)
Press: ? - help, Shift-Dir - straight line, f/p - orc
Aim: an orc, wielding a short sword and wearing a scale mail You shoot an arrow.
The arrow closely misses the orc. x2
Okay, then.
Menkaure, Prince of Dust comes into view.
Menkaure shouts!
Really read
g - 5 scrolls of teleportation {!r}?
As you read the scroll of teleportation {!r}, it crumbles to dust.
You feel strangely unstable.
Menkaure gestures wildly while chanting.
Menkaure seems to speed up.
The orc hits you but does no damage.
Firing (i - inventory. (,) - cycle):
d - 58 arrows (quivered)
Press: ? - help, Shift-Dir - straight line, p - orc You shoot an arrow.
The arrow barely misses Menkaure.
The orc closely misses you. Menkaure hits you!
You die...

....... #.#
...Z... #.#
.....o.#######O#
.......#....o..#
#.####### #.#
#O# ##########
#.# .(.....M@#
#o# .#######o#
#.# #o# #.#
#O###.# #.....#
#######


You could see an ogre, Menkaure and 2 orcs.

Vanquished Creatures
  Blork the orc (D:4)
  2 gnolls (D:1)
  5 adders
  An adder skeleton (D:4)
  2 worms
  6 dart slugs
  2 leopard geckos
  8 orcs
  6 giant cockroaches
  4 goblins
  7 hobgoblins
  2 jackals (D:3)
  2 ball pythons
  8 bats
  4 frilled lizards
  6 kobolds
  3 rats
69 creatures vanquished.

Notes
Turn   | Place    | Note
-------+----------+-------------------------------------------
     0 | D:1      | Amnesiac the Mummy Hunter began the quest for the Orb.
     0 | D:1      | Reached XP level 1. HP: 16/16 MP: 1/1
   199 | D:1      | Reached skill level 1 in Armour
   432 | D:1      | Reached XP level 2. HP: 21/22 MP: 2/2
  1312 | D:2      | Reached XP level 3. HP: 26/27 MP: 3/3
  2465 | D:2      | Reached XP level 4. HP: 34/34 MP: 4/4
  3030 | D:3      | Reached skill level 4 in Bows
  3088 | D:3      | Found a hazy altar of Hepliaklqana.
  3194 | D:3      | Reached XP level 5. HP: 38/39 MP: 5/5
  3658 | D:4      | Noticed Blork the orc
  3675 | D:4      | Noticed an ogre
  3678 | D:4      | HP: 2/40 [Blork the orc/halberd of venom (14)]
  3684 | D:4      | Killed Blork the orc
  3705 | D:4      | Noticed Menkaure
  3709 | D:4      | Mangled by Menkaure

Vault maps used:
D:1:      dpeg_arrival_leaves_temple_mockup
D:2:      first_bread, kennysheep_generic_room_9
D:3:      overflow_temple_1_default
D:4:      nicolae_ru_great_annihilating_truth, uniq_blork_the_orc,
          uniq_menkaure, uniq_eustachio

Skill      XL: |  1  2  3  4  5 |
---------------+----------------+-----
Armour         | 1 2 |  2.3
Dodging        | 2 |  2.4
Bows           | 4 |  4.3
Fighting       | 3 |  3.0
Stealth        | |  0.7

Action                   |  1- 3 |  4- 6 || total
-------------------------+-------+-------++-------
Melee: Short sword       |    47 |       ||    47
       Spear             |   105 |   117 ||   222
 Fire: Shortbow          |    11 |    47 ||    58
  Use: Scroll            |       |     9 ||     9
Armor: Leather armour    |    26 |       ||    26
       Scale mail        |    18 |    51 ||    69
Dodge: Dodged            |    97 |    82 ||   179

Table legend:
 A = Spawn XP
 B = Non-spawn XP
 C = Spawn XP percentage of total XP
 D = Spawn monster count
 E = Non-spawn monster count
 F = Spawn count percentage of total count
 G = Total turns spent on level
                    A         B        C        D         E        F      G
               +---------+---------+-------+---------+---------+-------+---------
         Total |       0 |     328 |   0.0 |       0 |      69 |   0.0 |  3709
               +---------+---------+-------+---------+---------+-------+---------
           D:1 |       0 |      65 |   0.0 |       0 |      20 |   0.0 |  1694
           D:2 |       0 |      72 |   0.0 |       0 |      25 |   0.0 |  1221
           D:3 |       0 |      84 |   0.0 |       0 |      21 |   0.0 |   732
           D:4 |       0 |     107 |   0.0 |       0 |       3 |   0.0 |    62
               +---------+---------+-------+---------+---------+-------+---------
